 Dungeon Crawl Stone Soup version 0.29-a0-1027-gcd8c55af63 (webtiles) character file.

Game seed: 8243538037203320160

50119 greenreed the Nimble (level 14, -5/113 HPs)
             Began as a Gnoll Monk on Aug 13, 2022.
             Was a High Priest of Sif Muna.
             Slain by a death yak (15 damage)
             ... on level 5 of the Lair of Beasts.
             The game lasted 01:12:41 (18131 turns).

greenreed the Nimble (Gnoll Monk)                  Turns: 18131, Time: 01:12:42

Health: -5/113     AC: 23    Str: 15    XL:     14   Next: 53%
Magic:  13/27      EV: 16    Int: 11    God:    Sif Muna [*****.]
Gold:   1443       SH:  0    Dex: 20    Spells: 16/32 levels left

rFire   . . .      SeeInvis .   b - +2 eveningstar (drain)
rCold   + + +      Faith    .   (no shield)
rNeg    . . .      Spirit   .   X - +0 scale mail "Matz" {Drain +Blink rPois rC+++}
rPois   +          Reflect  .   Z - +2 hat
rElec   .          Harm     .   D - +1 cloak {Will+}
rCorr   .          Rampage  .   Y - +2 pair of gloves
Will    ++...                   M - +2 pair of boots
Stlth   ++++......              d - amulet of regeneration
HPRegen 1.08/turn               j - +4 ring of protection
MPRegen 0.20/turn               t - +6 ring of dexterity

@: very slightly contaminated
A: fangs 1, strong nose, distributed training
a: Renounce Religion, Evoke Blink, Channel Magic, Forget Spell, Divine Exegesis


You were on level 5 of the Lair of Beasts.
You worshipped Sif Muna.
Sif Muna was extremely pleased with you.
You visited 3 branches of the dungeon, and saw 18 of its levels.
You also visited: Ice Cave.

You collected 1443 gold pieces.

Inventory:

Hand Weapons
 b - a +2 eveningstar of draining (weapon)
 V - the +6 short sword of Xaacol {spect, rPois rF+ rN+}
   (You found it on level 10 of the Dungeon)

   When its wielder attacks, the weapon's spirit leaps out and strikes again.
   The spirit shares a part of any damage it takes with its wielder.
   rF:        It protects you from fire.
   rPois:     It protects you from poison.
   rN:        It protects you from negative energy.
Missiles
 y - 6 curare-tipped darts
 P - 22 poisoned darts (quivered)
Armour
 D - a +1 cloak of willpower (worn)
 M - a +2 pair of boots (worn)
 T - a +1 pair of boots of rampaging
 X - the +0 scale mail "Matz" (worn) {Drain +Blink rPois rC+++}
   (You found it on level 12 of the Dungeon)

   rC:        It renders you almost immune to cold.
   rPois:     It protects you from poison.
   +Blink:    It lets you blink.
   Drain:     It drains your maximum health when unequipped.
 Y - a +2 pair of gloves (worn)
 Z - a +2 hat (worn)
Magical Staves
 e - a staff of poison
 K - a staff of death
Jewellery
 a - a ring of ice
 d - an amulet of regeneration (around neck)
 j - a +4 ring of protection (left hand)
 t - a +6 ring of dexterity (right hand)
 A - an amulet of guardian spirit
 J - a ring of protection from cold
Wands
 g - a wand of charming (29)
 m - a wand of acid (1)
 o - a wand of mindburst (10)
 L - a wand of digging (4)
 N - a wand of iceblast (4)
 S - a wand of flame (29)
Scrolls
 f - 4 scrolls of brand weapon
 h - 3 scrolls of fear
 i - 7 scrolls of enchant weapon
 n - 6 scrolls of poison
 p - 2 scrolls of vulnerability
 r - 8 scrolls of teleportation
 v - 9 scrolls of amnesia
 w - 4 scrolls of magic mapping
 x - a scroll of torment
 B - a scroll of butterflies
 O - 2 scrolls of enchant armour {unknown}
 U - a scroll of summoning
Potions
 c - 7 potions of ambrosia
 k - 7 potions of brilliance
 l - 4 potions of flight
 q - 10 potions of curing
 s - 5 potions of heal wounds
 u - 3 potions of might
 z - 3 potions of attraction
 C - 2 potions of mutation
 F - a potion of magic {unknown}
 G - 2 potions of invisibility {unknown}
 H - a potion of haste {unknown}
 I - 6 potions of berserk rage
 Q - 2 potions of lignification {unknown}
 W - 2 potions of cancellation
Miscellaneous
 R - a lightning rod (4/4)


   Skills:
 + Level 11.6 Fighting
 + Level 9.6 Short Blades
 + Level 9.6 Long Blades
 + Level 9.6 Axes
 + Level 11.6 Maces & Flails
 + Level 9.6 Polearms
 + Level 9.6 Staves
 + Level 9.6 Ranged Weapons
 + Level 9.6 Throwing
 + Level 9.6 Armour
 + Level 11.6 Dodging
 + Level 10.5 Stealth
 + Level 9.6 Shields
 + Level 9.6 Unarmed Combat
 + Level 9.6 Spellcasting
 + Level 8.0 Conjurations
 + Level 8.0 Hexes
 + Level 8.0 Summonings
 + Level 8.0 Necromancy
 + Level 8.0 Translocations
 + Level 8.0 Transmutations
 + Level 8.0 Fire Magic
 + Level 8.0 Ice Magic
 + Level 8.0 Air Magic
 + Level 8.0 Earth Magic
 + Level 8.0 Poison Magic
 + Level 10.5 Invocations
 + Level 9.6 Evocations


You had 16 spell levels left.
You knew the following spells:

 Your Spells              Type           Power      Damage    Failure   Level
a - Mephitic Cloud        Conj/Pois/Air  23%        N/A       4%          3
b - Ignite Poison         Fire/Tmut/Pois 23%        N/A       4%          3
c - Swiftness             Air            23%        N/A       4%          3
d - Anguish               Hex/Necr       11%        N/A       14%         4
e - Tukima's Dance        Hex            23%        N/A       4%          3

Your spell library contained the following spells:

 Spells                   Type           Power      Damage    Failure   Level
 Beastly Appendage        Tmut           46%        N/A       1%          1
 Freeze                   Ice            92%        1d10      1%          1
 Sting                    Tmut/Pois      92%        1d7       1%          1
 Ensorcelled Hibernation  Hex/Ice        46%        N/A       2%          2
 Poisonous Vapours        Pois/Air       46%        N/A       2%          2
 Static Discharge         Conj/Air       23%        3-6/arc   2%          2
 Sublimation of Blood     Necr           23%        N/A       2%          2
 Wereblood                Tmut           23%        N/A       2%          2
 Conjure Flame            Conj/Fire      23%        6-21      4%          3
 Dazzling Flash           Conj/Hex       46%        N/A       4%          3
 Gell's Gravitas          Tloc           23%        N/A       4%          3
 Inner Flame              Hex/Fire       23%        N/A       4%          3
 Lesser Beckoning         Tloc           23%        N/A       4%          3
 Spider Form              Tmut/Pois      23%        N/A       4%          3
 Teleport Other           Tloc           23%        N/A       4%          3
 Vampiric Draining        Necr           23%        2d7       4%          3
 Animate Armour           Summ/Erth      46%        N/A       14%         4
 Corpse Rot               Necr/Pois/Air  23%        N/A       14%         4
 Fulminant Prism          Conj/Hex       11%        3d9       14%         4
 Hailstorm                Conj/Ice       23%        3d7       14%         4
 Ice Form                 Ice/Tmut       23%        N/A       14%         4
 Sticky Flame             Conj/Fire      23%        2d4       14%         4
 Summon Ice Beast         Ice/Summ       23%        N/A       14%         4
 Summon Lightning Spire   Summ/Air       23%        N/A       14%         4
 Alistair's Intoxication  Tmut/Pois      15%        N/A       38%         5
 Blade Hands              Tmut           11%        N/A       38%         5
 Borgnjor's Vile Clutch   Necr/Erth      11%        N/A       38%         5
 Fireball                 Conj/Fire      11%        3d7       38%         5
 Freezing Cloud           Conj/Ice/Air   11%        6-21      38%         5
 Lightning Bolt           Conj/Air       11%        1d24      38%         5
 Summon Mana Viper        Hex/Summ       23%        N/A       38%         5
 Dispersal                Tloc           11%        N/A       92%         6
 Iron Shot                Conj/Erth      11%        9d3       92%         6
 Starburst                Conj/Fire      11%        6d5       92%         6
 Haunt                    Necr/Summ      11%        N/A       100%        7
 Monstrous Menagerie      Summ           11%        N/A       100%        7
 Ozocubu's Refrigeration  Ice            11%        4d10      100%        7
 Storm Form               Tmut/Air       11%        N/A       100%        7
 Ignition                 Fire           11%        3d5       100%        8
 Maxwell's Capacitive Co  Air            11%        ∞         100%        8
 Chain Lightning          Conj/Air       11%        3d15      100%        9


Dungeon Overview and Level Annotations

Branches:
Dungeon (12/15)            Temple (1/1) D:7            Lair (5/5) D:8
 Shoals (0/4) Lair:2        Snake (0/4) Lair:2          Orc (0/2) D:11
  IceCv (visited)
  Slime: Lair:4-5

Altars:
Fedhas
Hepliaklqana
Sif Muna
Trog
Uskayaw

Portals:
Trove: D:11 (give 15 scrolls of teleportation)

Annotations:
D:11 3 runed translucent doors, xian's ghost, journeyman HOFi
Lair:2 2 transporters, wingedge's ghost, journeyman HuWn
Lair:3 3 runed translucent doors, Losulif's ghost, journeyman MiMo


Innate Abilities, Weirdness & Mutations

You have very sharp teeth.
Your uncanny sense of smell can sniff out nearby items.
Your experience applies equally to all skills.


Message History

You bludgeon the death yak!!
You kill the death yak!
Sif Muna accepts your kill.
The death yak is engulfed in blazing flames.
The death yak gores you!
The death yak is engulfed in blazing flames.
You hit the death yak. You punch the death yak.
The death yak is heavily wounded.
The death yak barely misses you. The death yak completely misses you.
You sock the death yak! You drain the death yak.
The death yak is heavily wounded.
The death yak completely misses you. The death yak gores you!
You puncture the death yak!
The death yak is severely wounded.
The death yak gores you but does no damage.
The death yak gores you!!
You are too injured to fight recklessly!
Unknown command.
Casting: Ignite Poison (mildly dangerous; 4% risk of failure)
Confirm with . or Enter, or press ? or * to list all spells.
Aiming: Mephitic Cloud (mildly dangerous; 4% risk of failure)
Press: ? - help, Shift-Dir - straight line, f/p - death yak
Aim: a death yak (severely wounded, lightly drained, chance to affect: 39%)
You miscast Mephitic Cloud.
You are very lightly contaminated with residual magic.
Nothing appears to happen.
The death yak closely misses you. The death yak misses you.
The death yak gores you!!
Casting: Mephitic Cloud (mildly dangerous; 4% risk of failure)
Confirm with . or Enter, or press ? or * to list all spells.
Aiming: Mephitic Cloud (mildly dangerous; 4% risk of failure)
Press: ? - help, Shift-Dir - straight line, f/p - death yak
Aim: a death yak (severely wounded, lightly drained, chance to affect: 39%)
You miscast Mephitic Cloud.
Nothing appears to happen.
The death yak gores you!
* * * LOW HITPOINT WARNING * * *
The death yak closely misses you. The death yak gores you!!
* * * LOW HITPOINT WARNING * * *
You feel much better. The death yak gores you!
* * * LOW HITPOINT WARNING * * *
The death yak barely misses you. The death yak gores you!
You die...

#...P.P...#.#....#...P
##..P......##...#......
##...#.#....##...#.#P..#
.##....P...P##.........#
........................
.....†..................
..#.#......#..#†..#.P#.
..#####..###.###YY.###
..# ##..P######@Y.## .##
##...## ##P....#
.####.P...####P...#.##PP
.#..#.......##P.........
........)...............
......<..#......PPPPP#..
.....#.#.......#..P#####
....####....[..##..#
....# #..####...#.##


You could see 3 death yaks.

Vanquished Creatures
  Gastronok (Lair:1)
  A frost giant (IceCv)
  Fannar (Lair:3)
  3 hydras
  2 boulder beetles
  Erica (Lair:2)
  8 death yaks
  Sonja (Lair:3)
  The ghost of Kazon the Cudgeller, a novice VSFi of Dithmenos (D:7)
  A lindwurm (Lair:5)
  5 ugly things
  A wolf spider (Lair:3)
  4 elephants (Lair:2)
  2 cyclopes (D:11)
  2 black mambas
  13 cane toads
  An ice statue (IceCv)
  An unseen horror (D:7)
  7 komodo dragons
  9 rime drakes
  A queen bee (Lair:2)
  4 trolls (D:12)
  A merfolk (Lair:2)
  3 hornets
  6 polar bears
  A blink frog (Lair:1)
  7 dream sheep (Lair:4)
  A wraith (D:10)
  49 yaks
  A shadow (D:10)
  7 wyverns
  5 basilisks
  3 steam dragons
  3 vampire mosquitoes (D:10)
  A naga (Lair:2)
  3 acid dragons
  12 water moccasins
  4 sky beasts
  2 black bears
  A swamp drake (D:11)
  Duvessa (D:7)
  9 orc warriors
  2 ice beasts
  5 centaurs
  3 ogres
  16 wolves
  3 kobold brigands
  10 bullfrogs
  3 scorpions
  8 wights
  Dowan (D:7)
  36 killer bees
  An elephant simulacrum (Lair:2)
  2 howler monkeys
  An electric eel (Lair:2)
  3 gnoll boudas
  3 jellies
  12 orc priests
  4 hounds
  Crazy Yiuf (D:5)
  3 iguanas
  Terence (D:2)
  Natasha (twice) (D:2)
  13 orc wizards
  A polar bear simulacrum (Lair:2)
  Robin (D:3)
  13 gnolls
  19 adders
  2 river rats
  A shadow imp (D:5)
  4 white imps
  4 ufetubi
  A worm (D:3)
  3 dart slugs
  68 orcs
  9 endoplasms
  8 giant cockroaches
  19 goblins
  10 hobgoblins
  20 kobolds
  4 quokkas
  7 ball pythons
  5 bats
  4 frilled lizards
  10 rats
536 creatures vanquished.

Vanquished Creatures (collateral kills)
  A killer bee (D:9)
1 creature vanquished.

Vanquished Creatures (others)
  2 killer bees (Lair:2)
  An orc (D:6)
  34 fungi
  60 plants
97 creatures vanquished.

Grand Total: 634 creatures vanquished

Notes
Turn   | Place    | Note
-------+----------+-------------------------------------------
     0 | D:1      | greenreed the Gnoll Monk began the quest for the Orb.
     0 | D:1      | Reached XP level 1. HP: 23/23 MP: 1/1
   226 | D:1      | Reached XP level 2. HP: 26/29 MP: 2/2
   232 | D:1      | Found a large runed translucent door.
   232 | D:1      | Found a large runed translucent door.
   611 | D:1      | Found a faded altar of an unknown god.
  1049 | D:1      | Reached XP level 3. HP: 35/35 MP: 3/3
  1066 | D:1      | Reached skill level 1 in Invocations
  1083 | D:1      | Reached skill level 1 in Short Blades
  1083 | D:1      | Reached skill level 1 in Long Blades
  1083 | D:1      | Reached skill level 1 in Axes
  1083 | D:1      | Reached skill level 1 in Polearms
  1083 | D:1      | Reached skill level 1 in Staves
  1083 | D:1      | Reached skill level 1 in Ranged Weapons
  1083 | D:1      | Reached skill level 1 in Throwing
  1083 | D:1      | Reached skill level 1 in Armour
  1083 | D:1      | Reached skill level 1 in Shields
  1083 | D:1      | Reached skill level 1 in Unarmed Combat
  1083 | D:1      | Reached skill level 1 in Spellcasting
  1083 | D:1      | Reached skill level 1 in Evocations
  1180 | D:2      | Reached XP level 4. HP: 41/41 MP: 5/5
  1261 | D:2      | Noticed Terence
  1280 | D:2      | Killed Terence
  1281 | D:2      | Reached skill level 1 in Conjurations
  1281 | D:2      | Reached skill level 1 in Hexes
  1281 | D:2      | Reached skill level 1 in Summonings
  1281 | D:2      | Reached skill level 1 in Necromancy
  1281 | D:2      | Reached skill level 1 in Translocations
  1281 | D:2      | Reached skill level 1 in Transmutations
  1281 | D:2      | Reached skill level 1 in Fire Magic
  1281 | D:2      | Reached skill level 1 in Ice Magic
  1281 | D:2      | Reached skill level 1 in Air Magic
  1281 | D:2      | Reached skill level 1 in Earth Magic
  1281 | D:2      | Reached skill level 1 in Poison Magic
  1531 | D:2      | Reached XP level 5. HP: 47/47 MP: 7/7
  1638 | D:2      | Noticed Natasha
  1647 | D:2      | Killed Natasha
  1750 | D:2      | Noticed Natasha
  1764 | D:2      | Killed Natasha
  2418 | D:3      | Noticed Robin
  2432 | D:3      | Reached XP level 6. HP: 45/53 MP: 8/8
  2465 | D:3      | Killed Robin
  3659 | D:4      | Found a shimmering blue altar of Sif Muna.
  4120 | D:5      | Entered Level 5 of the Dungeon
  4136 | D:5      | Reached XP level 7. HP: 55/60 MP: 10/10
  4260 | D:4      | Became a worshipper of Sif Muna the Loreminder
  4260 | D:4      | Reached * piety under Sif Muna
  4260 | D:4      | Reached ** piety under Sif Muna
  4382 | D:5      | Reached skill level 5 in Stealth
  4668 | D:5      | Reached XP level 8. HP: 45/67 MP: 12/12
  4786 | D:5      | Found a runed translucent door.
  4787 | D:5      | Noticed Crazy Yiuf
  5259 | D:5      | Killed Crazy Yiuf
  5578 | D:6      | Reached XP level 9. HP: 37/73 MP: 14/14
  5604 | D:6      | Got the Tome of Rank Vapour
  5614 | D:6      | Learned a level 3 spell: Mephitic Cloud
  5639 | D:6      | Reached *** piety under Sif Muna
  6277 | D:7      | Noticed Duvessa
  6279 | D:7      | Noticed Dowan
  6297 | D:7      | Reached skill level 5 in Invocations
  6306 | D:7      | Killed Duvessa
  6323 | D:7      | Killed Dowan
  6385 | D:7      | Found a runed translucent gate.
  6385 | D:7      | Found a runed translucent gate.
  6385 | D:7      | Found a runed translucent gate.
  6388 | D:7      | Noticed Kazon's ghost (novice VSFi)
  6390 | D:7      | Identified the +1 plate armour of the Hurting Gods
                  | {*Corrode Str+5 Dex+4}
  6490 | D:7      | Noticed a boulder beetle
  6620 | D:7      | Killed an unseen horror
  6994 | D:7      | Found a staircase to the Ecumenical Temple.
  7004 | Temple   | Entered the Ecumenical Temple
  7141 | D:7      | Reached skill level 5 in Short Blades
  7141 | D:7      | Reached skill level 5 in Long Blades
  7141 | D:7      | Reached skill level 5 in Axes
  7141 | D:7      | Reached skill level 5 in Polearms
  7141 | D:7      | Reached skill level 5 in Staves
  7141 | D:7      | Reached skill level 5 in Ranged Weapons
  7141 | D:7      | Reached skill level 5 in Throwing
  7141 | D:7      | Reached skill level 5 in Armour
  7141 | D:7      | Reached skill level 5 in Shields
  7141 | D:7      | Reached skill level 5 in Unarmed Combat
  7141 | D:7      | Reached skill level 5 in Spellcasting
  7141 | D:7      | Reached skill level 5 in Evocations
  7141 | D:7      | Reached XP level 10. HP: 69/81 MP: 17/17
  7282 | D:7      | Killed a boulder beetle
  7284 | D:7      | Reached **** piety under Sif Muna
  7791 | D:7      | Killed Kazon's ghost
  7890 | D:8      | Identified the +7 ring mail of the Moon {rN+ Int+6}
  7984 | D:8      | Found a staircase to the Lair.
  8875 | D:9      | Noticed a cyan ugly thing
  8882 | D:9      | Killed a cyan ugly thing
  8883 | D:9      | Reached skill level 5 in Conjurations
  8883 | D:9      | Reached skill level 5 in Hexes
  8883 | D:9      | Reached skill level 5 in Summonings
  8883 | D:9      | Reached skill level 5 in Necromancy
  8883 | D:9      | Reached skill level 5 in Translocations
  8883 | D:9      | Reached skill level 5 in Transmutations
  8883 | D:9      | Reached skill level 5 in Fire Magic
  8883 | D:9      | Reached skill level 5 in Ice Magic
  8883 | D:9      | Reached skill level 5 in Air Magic
  8883 | D:9      | Reached skill level 5 in Earth Magic
  8883 | D:9      | Reached skill level 5 in Poison Magic
  8883 | D:9      | Reached XP level 11. HP: 56/89 MP: 11/20
  9322 | D:9      | Got Usmiu's Compilation of Toxic Kindling
  9327 | D:9      | Learned a level 3 spell: Ignite Poison
  9377 | D:9      | Reached ***** piety under Sif Muna
  9531 | D:9      | Received a gift from Sif Muna
  9552 | D:9      | Got Sif Muna's Discursus on the Lofty Entourage {god gift}
  9557 | D:9      | Learned a level 3 spell: Swiftness
 10106 | D:10     | Entered Level 10 of the Dungeon
 10855 | D:10     | Identified the +6 short sword of Xaacol {spect, rPois rF+
                  | rN+}
 11164 | D:11     | Noticed a boulder beetle
 11180 | D:11     | Killed a boulder beetle
 11185 | D:11     | Found a runed translucent gate.
 11185 | D:11     | Found a runed translucent gate.
 11185 | D:11     | Noticed a green ugly thing
 11185 | D:11     | Noticed a brown ugly thing
 11186 | D:11     | Found a runed translucent gate.
 11186 | D:11     | Noticed a green ugly thing
 11187 | D:11     | Noticed a green ugly thing
 11297 | D:11     | Noticed a cyclops
 11303 | D:11     | Killed a cyclops
 11375 | D:11     | Found a staircase to the Orcish Mines.
 11576 | D:11     | Noticed a cyclops
 11594 | D:11     | Killed a cyclops
 11604 | D:11     | Reached XP level 12. HP: 91/97 MP: 9/22
 11871 | D:11     | Found a portal to a secret trove of treasure.
 11983 | D:11     | Found a runed translucent gate.
 11983 | D:11     | Found a runed translucent gate.
 11986 | D:11     | Found a runed translucent gate.
 11996 | D:11     | Noticed xian's ghost (journeyman HOFi)
 12129 | D:12     | Noticed a seven-headed hydra
 12141 | D:12     | Killed a seven-headed hydra
 12142 | D:12     | Reached skill level 10 in Fighting
 12142 | D:12     | Reached skill level 10 in Maces & Flails
 12142 | D:12     | Reached skill level 10 in Dodging
 12279 | D:12     | Noticed a six-headed hydra
 12286 | D:12     | Killed a six-headed hydra
 12324 | D:12     | Identified the +0 scale mail "Matz" {Drain +Blink rPois
                  | rC+++}
 12758 | Lair:1   | Entered Level 1 of the Lair of Beasts
 12891 | Lair:1   | Identified a scroll of acquirement
 12892 | Lair:1   | Acquired a +2 eveningstar of draining
 13013 | Lair:1   | Received a gift from Sif Muna
 13042 | Lair:1   | Got Sif Muna's Codex of Toxic Glamour {god gift}
 13048 | Lair:1   | Learned a level 4 spell: Anguish
 13052 | Lair:1   | Learned a level 3 spell: Tukima's Dance
 13651 | Lair:1   | Noticed Gastronok
 13697 | Lair:1   | Killed Gastronok
 13956 | Lair:2   | Found a frozen archway.
 13991 | IceCv    | Entered an ice cave
 14001 | IceCv    | Reached XP level 13. HP: 97/104 MP: 25/25
 14493 | IceCv    | Noticed a frost giant
 14509 | IceCv    | Killed a frost giant
 14760 | Lair:2   | Noticed Erica
 14785 | Lair:2   | Killed Erica
 14921 | Lair:2   | Found a staircase to the Snake Pit.
 14982 | Lair:2   | Received a gift from Sif Muna
 15192 | Lair:2   | Reached skill level 10 in Stealth
 15228 | Lair:2   | Found a transporter.
 15251 | Lair:2   | Found a bloodstained altar of Trog.
 15252 | Lair:2   | Noticed wingedge's ghost (journeyman HuWn)
 15268 | Lair:2   | Found a transporter.
 15313 | Lair:2   | Found a staircase to the Shoals.
 15509 | Lair:2   | Reached XP level 14. HP: 97/113 MP: 27/27
 15524 | Lair:2   | Reached skill level 10 in Invocations
 16020 | Lair:3   | Noticed Sonja
 16035 | Lair:3   | Killed Sonja
 16099 | Lair:3   | Received a gift from Sif Muna
 16104 | Lair:3   | Got Sif Muna's Commentary on Necrotic Hoarfrost {god gift}
 16121 | Lair:3   | Found a runed translucent gate.
 16122 | Lair:3   | Found a runed translucent gate.
 16123 | Lair:3   | Found a runed translucent gate.
 16124 | Lair:3   | Noticed Losulif's ghost (journeyman MiMo)
 16139 | Lair:3   | Found a hide-covered altar of Uskayaw.
 16141 | Lair:3   | Noticed Fannar
 16162 | Lair:3   | Killed Fannar
 16516 | Lair:3   | Identified the +6 chain mail of Wu Jian's Favour {Rampage}
 17765 | Lair:5   | Entered Level 5 of the Lair of Beasts
 18131 | Lair:5   | Slain by a death yak

Illustrated notes

Levels and vault maps discovered:
D:1:      erik_arrival_cave_to_civilisation [erik_arrival_cave_to_temple],
          layout_basic, hellmonk_ecumenical_altar_blasted
D:2:      layout_loops_ring, uniq_natasha, uniq_terence
D:3:      minmay_recursive_quarters, layout_rooms, gup_sewer_entry_bubbles,
          serial_co_window_serial, co_window_paths_a, co_window_paths_a,
          co_window_corner_a, co_window_paths_b, co_window_paths_b,
          co_window_paths_a, co_window_corner_a, co_window_corner_cb,
          co_window_corner_b, co_window_broadway_b, co_window_paths_d,
          uniq_robin
D:4:      layout_gridville, mainiacjoe_overflow_brackets,
          chequers_serial_rivers_small_a, minmay_pentomino_pile
D:5:      layout_loops_ring, uniq_crazy_yiuf_cottage
D:6:      layout_loops_ring, grunt_ministairs_9, minmay_statues_item
D:7:      minmay_opposing_rooms, layout_layer_cave,
          minmay_temple_entry_statues_fountains, biasface_ghost_orc_armoury,
          st_stairs_12, minmay_microvault, uniq_duvessa
D:8:      layout_cave_pods, lair_entry_dummy
D:9:      layout_stronghold
D:10:     layout_long_grid
D:11:     layout_small_grid, erik_orc_1,
          ploomutoo_gammafunk_ghost_potion_laboratory,
          nicolae_trove_entry_columns
D:12:     layout_small_grid
Temple:   minmay_crystal_snake_temple
Lair:1:   layout_cave_pods, minivault_23, hangedman_lair_generics_rect,
          uniq_gastronok
Lair:2:   regret_index_bee_streams, layout_loops_ring, elwin_shoals_entry_rooms,
          guppyfry_snake_entry_garden, gammafunk_ghost_wrathful_warriors,
          portal_ice_cave_entry_ice_simulacra, uniq_erica
Lair:3:   minmay_lair_venomous_thicket, layout_long_grid,
          ebering_ghost_rock_garden, basic_altar, hibernation_bobbens,
          uniq_fannar, uniq_sonja
Lair:4:   layout_small_grid
Lair:5:   due_jungle_book, layout_small_grid, slime_entry_1, grunt_megastairs_2

Skill      XL: |  1  2  3  4  5  6  7  8  9 10 11 12 13 14 |
---------------+-------------------------------------------+-----
Invocations    | 1 2 3 4 5 6 7 8 9 10 | 10.5
Short Blades   | 1 2 3 5 6 7 8 9 |  9.6
Long Blades    | 1 2 3 5 6 7 8 9 |  9.6
Axes           | 1 2 3 5 6 7 8 9 |  9.6
Polearms       | 1 2 3 5 6 7 8 9 |  9.6
Staves         | 1 2 3 5 6 7 8 9 |  9.6
Ranged Weapons | 1 2 3 5 6 7 8 9 |  9.6
Throwing       | 1 2 3 5 6 7 8 9 |  9.6
Armour         | 1 2 3 5 6 7 8 9 |  9.6
Shields        | 1 2 3 5 6 7 8 9 |  9.6
Unarmed Combat | 1 2 3 5 6 7 8 9 |  9.6
Spellcasting   | 1 2 3 5 6 7 8 9 |  9.6
Evocations     | 1 2 3 5 6 7 8 9 |  9.6
Conjurations   | 1 2 3 4 5 6 7 8 |  8.0
Hexes          | 1 2 3 4 5 6 7 8 |  8.0
Summonings     | 1 2 3 4 5 6 7 8 |  8.0
Necromancy     | 1 2 3 4 5 6 7 8 |  8.0
Translocations | 1 2 3 4 5 6 7 8 |  8.0
Transmutations | 1 2 3 4 5 6 7 8 |  8.0
Fire Magic     | 1 2 3 4 5 6 7 8 |  8.0
Ice Magic      | 1 2 3 4 5 6 7 8 |  8.0
Air Magic      | 1 2 3 4 5 6 7 8 |  8.0
Earth Magic    | 1 2 3 4 5 6 7 8 |  8.0
Poison Magic   | 1 2 3 4 5 6 7 8 |  8.0
Fighting       | 7 8 9 10 11 | 11.6
Maces & Flails | 7 8 9 10 11 | 11.6
Dodging        | 7 8 9 10 11 | 11.6
Stealth        | 5 6 7 8 9 10 | 10.5

Action                   |  1- 3 |  4- 6 |  7- 9 | 10-12 | 13-15 || total
-------------------------+-------+-------+-------+-------+-------++-------
Melee: Mace              |    93 |   287 |    42 |       |       ||   422
       Bite              |     8 |    20 |    68 |   117 |    83 ||   296
       Punch             |     3 |     9 |    15 |    44 |    47 ||   118
       Flail             |       |       |   447 |   322 |       ||   769
       Staff             |       |       |    17 |    11 |       ||    28
       Morningstar       |       |       |       |   169 |       ||   169
       Short sword       |       |       |       |   128 |       ||   128
       Eveningstar       |       |       |       |   114 |   636 ||   750
Throw: Dart              |       |       |     3 |    10 |       ||    13
 Cast: Mephitic Cloud    |       |       |     4 |    32 |    22 ||    58
       Ignite Poison     |       |       |       |    12 |    13 ||    25
       Swiftness         |       |       |       |       |     1 ||     1
  Use: Scroll            |       |       |     9 |    12 |     2 ||    23
       Potion            |       |       |       |       |     1 ||     1
 Stab: Sleeping          |     4 |    12 |     4 |     7 |     9 ||    36
       Distracted        |       |     2 |       |     7 |     1 ||    10
       Confused          |       |       |     4 |    27 |    12 ||    43
Armor: Robe              |     1 |       |       |       |       ||     1
       Leather armour    |     8 |       |       |       |       ||     8
       Ring mail         |     7 |   157 |   250 |   276 |       ||   690
       Scale mail        |       |       |       |    52 |   399 ||   451
Dodge: Dodged            |    53 |   219 |   413 |   640 |   793 ||  2118

Table legend: (Time is in decaauts)
 A = Elapsed time spent in this place.
 B = Non-inter-level travel time spent in this place.
 C = Inter-level travel time spent in this place.
 D = Time resting spent in this place.
 E = Time spent auto-exploring this place.
 F = Levels seen in this place.
 G = Mean time per level.
                   A        B        C        D        E       F      G
               +--------+--------+--------+--------+--------+-----+--------+
         Total |  18147 |  16991 |   1156 |     44 |  12143 |  19 |  955.1 |
       Dungeon |  12792 |  11769 |   1023 |     39 |   8404 |  12 | 1066.0 |
        Temple |      1 |      1 |      0 |      0 |      0 |   1 |    1.0 |
          Lair |   4623 |   4490 |    133 |      5 |   3322 |   5 |  924.6 |
      Ice Cave |    729 |    729 |      0 |      0 |    416 |   1 |  729.0 |
               +--------+--------+--------+--------+--------+-----+--------+

Top non-repeatable levels by time:
     D:7: 1689 daAuts
     D:9: 1391 daAuts
     D:3: 1329 daAuts
  Lair:2: 1319 daAuts
  Lair:1: 1176 daAuts
     D:1: 1171 daAuts
     D:5: 1154 daAuts
    D:10: 1005 daAuts
    D:11: 978 daAuts
  Lair:4: 960 daAuts
     D:4: 936 daAuts
     D:8: 904 daAuts
     D:6: 862 daAuts
  Lair:3: 807 daAuts
     D:2: 800 daAuts
